[Event "FIDE Women World Rapid 2024"]
[Site "New York"]
[Date "2024.12.27"]
[Round "7.10"]
[White "Maltsevskaya, Aleksandra"]
[Black "Paehtz, Elisabeth"]
[Result "0-1"]
[ECO "B35"]
[WhiteElo "2368"]
[BlackElo "2430"]
[Annotator "ChessBase"]
[PlyCount "82"]
[EventDate "2024.12.14"]
[EventType "swiss"]
[EventCountry "USA"]
[SourceTitle "playchess.com"]
[Source "ChessBase"]
[SourceQuality "1"]
[TimeControl "900+10"]

1. e4 c5 2. Nf3 g6 3. d4 cxd4 4. Nxd4 Bg7 5. Nc3 Nc6 6. Be3 Nf6 7. Bc4 O-O 8. Bb3 Ng4 9. Qxg4 Nxd4 10. Qd1 Nxb3 11. axb3 d6 12. Bd4 a6 13. Bxg7 Kxg7 14. Qd4+ f6 15. O-O Be6 16. f4 Rc8 17. Rfe1 Qc7 18. e5 dxe5 19. fxe5 f5 20. Nd5 Qc5 21. Qxc5 Rxc5 22. Nf4 Kf7 23. c4 Rd8 24. Rad1 Rxd1 25. Rxd1 Rxe5 26. Rd8 Re1+ 27. Kf2 Rb1 28. Nd3 f4 29. Rb8 Bf5 30. Nc5 Rxb2+ 31. Kf3 g5 32. Rxb7 Bc2 33. Nxa6 Bxb3 34. Nc5 Bd1+ 35. Ke4 Rxg2 36. Nd3 Bc2 37. c5 Re2+ 38. Kd4 Rd2 39. c6 Rxd3+ 40. Kc4 Rd6 41. c7 Bf5 0-1

[Event "FIDE Women World Rapid 2024"]
[Site "New York"]
[Date "2024.12.27"]
[Round "7.11"]
[White "Gunina, Valentina"]
[Black "Khamdamova, Afruza"]
[Result "0-1"]
[ECO "D37"]
[WhiteElo "2425"]
[BlackElo "2354"]
[Annotator "ChessBase"]
[PlyCount "98"]
[EventDate "2024.12.14"]
[EventType "swiss"]
[EventCountry "USA"]
[SourceTitle "playchess.com"]
[Source "ChessBase"]
[SourceQuality "1"]
[TimeControl "900+10"]

1. d4 d5 2. c4 e6 3. Nf3 Nf6 4. Nc3 Be7 5. Bf4 O-O 6. e3 b6 7. Bd3 dxc4 8. Bxc4 Ba6 9. Be2 Qc8 10. O-O Bxe2 11. Qxe2 Qb7 12. Rac1 c6 13. h3 Nbd7 14. Rfd1 Rfd8 15. Bh2 c5 16. dxc5 Nxc5 17. Nd4 Rac8 18. a3 a6 19. f3 b5 20. b4 Ncd7 21. Nb3 Nb6 22. Rxd8+ Rxd8 23. Na5 Qd7 24. Be5 h6 25. Bd4 Nbd5 26. Nxd5 Nxd5 27. Nc6 Rc8 28. Qc2 Kh8 29. e4 Nf4 30. Kh2 Bg5 31. Bb2 Nd3 32. Rd1 Qc7+ 33. e5 Nxb2 34. Re1 Na4 35. Qf2 Qxc6 36. f4 Be7 37. f5 exf5 38. Qxf5 Qe6 39. Qe4 Nc3 40. Qb7 Nd5 41. Kh1 Qc6 42. Qa7 Nf4 43. Rg1 Qe6 44. Qb7 Nxh3 45. Rf1 Ng5 46. Re1 Rc2 47. Qa8+ Kh7 48. Rf1 Qxe5 49. Qb7 Bd6 0-1

[Event "FIDE Women World Rapid 2024"]
[Site "New York"]
[Date "2024.12.27"]
[Round "7.11"]
[White "Nilssen, Ellen Fredericia"]
[Black "Khotenashvili, Bella"]
[Result "1/2-1/2"]
[ECO "A70"]
[WhiteElo "2181"]
[BlackElo "2420"]
[Annotator "ChessBase"]
[PlyCount "99"]
[EventDate "2024.12.14"]
[EventType "swiss"]
[EventCountry "USA"]
[SourceTitle "playchess.com"]
[Source "ChessBase"]
[SourceQuality "1"]
[TimeControl "900+10"]

1. d4 Nf6 2. c4 c5 3. d5 e6 4. Nc3 exd5 5. cxd5 d6 6. e4 g6 7. Bd3 Bg7 8. h3 O-O 9. Nf3 a6 10. a4 Re8 11. O-O Nbd7 12. Bf4 Nh5 13. Bg5 Bf6 14. Bh6 Ne5 15. Be2 Nxf3+ 16. Bxf3 Ng7 17. Qd2 Bd7 18. a5 b5 19. axb6 Qxb6 20. Rfb1 Reb8 21. Be3 Qb4 22. Bf4 Ne8 23. Qc2 a5 24. Bg4 Bxg4 25. hxg4 Qc4 26. Ra4 Rb4 27. Rba1 Rab8 28. Bc1 Bd8 29. Qe2 Qxe2 30. Nxe2 Nf6 31. f3 Nd7 32. Nf4 Ne5 33. Bd2 Rxa4 34. Rxa4 g5 35. Nh5 Nd3 36. b3 Rb5 37. Ng3 Rxb3 38. Bxa5 Rb1+ 39. Kh2 Bf6 40. Nf5 Be5+ 41. g3 Rb2+ 42. Kg1 Nc1 43. Bd2 Ne2+ 44. Kf2 h6 45. Kxe2 Bc3 46. Nxd6 Rxd2+ 47. Kf1 Rd1+ 48. Ke2 Rd2+ 49. Kf1 Rd1+ 50. Ke2 1/2-1/2

[Event "FIDE Women World Rapid 2024"]
[Site "New York"]
[Date "2024.12.27"]
[Round "7.12"]
[White "Kamalidenova, Meruert"]
[Black "Tsolakidou, Stavroula"]
[Result "0-1"]
[ECO "B22"]
[WhiteElo "2378"]
[BlackElo "2451"]
[Annotator "ChessBase"]
[PlyCount "66"]
[EventDate "2024.12.14"]
[EventType "swiss"]
[EventCountry "USA"]
[SourceTitle "playchess.com"]
[Source "ChessBase"]
[SourceQuality "1"]
[TimeControl "900+10"]

1. e4 c5 2. c3 d5 3. exd5 Qxd5 4. d4 Nc6 5. Nf3 Bf5 6. Be3 cxd4 7. Nxd4 Nf6 8. Be2 Nxd4 9. cxd4 Qxg2 10. Bf3 Qh3 11. Bxb7 Rd8 12. Nc3 Bd7 13. Qd3 g6 14. Nb5 Bg7 15. Nc7+ Kf8 16. a4 Rb8 17. Qa6 Bh6 18. Ra3 Bxe3 19. Rxe3 Qf5 20. O-O Kg7 21. Qxa7 h5 22. Bg2 Rxb2 23. Qc5 Qxc5 24. dxc5 Rc8 25. Na6 Bxa4 26. Rxe7 Bb5 27. Rb7 Bxf1 28. Rxb2 Bxa6 29. c6 Bc4 30. Rd2 Kf8 31. Rd4 Bb5 32. h4 Ke7 33. Rd2 Bxc6 0-1

[Event "FIDE Women World Rapid 2024"]
[Site "New York"]
[Date "2024.12.27"]
[Round "7.12"]
[White "Cervantes Landeiro, Thalia"]
[Black "Khademalsharieh, Sarasadat"]
[Result "0-1"]
[ECO "D38"]
[WhiteElo "2307"]
[BlackElo "2458"]
[Annotator "ChessBase"]
[PlyCount "139"]
[EventDate "2024.12.14"]
[EventType "swiss"]
[EventCountry "USA"]
[SourceTitle "playchess.com"]
[Source "ChessBase"]
[SourceQuality "1"]
[TimeControl "900+10"]

1. d4 d5 2. c4 e6 3. Nc3 Bb4 4. Nf3 Nf6 5. Bg5 h6 6. Bxf6 Qxf6 7. Qa4+ Nc6 8. e3 O-O 9. Be2 dxc4 10. O-O Bd7 11. Bxc4 Qg6 12. Qd1 Rad8 13. Bd3 Qh5 14. Ne4 f5 15. Ng3 Qf7 16. Qb3 Bd6 17. Nxf5 Bc8 18. Nxd6 cxd6 19. Rac1 Qh5 20. Nd2 Ne7 21. Be4 d5 22. Bb1 e5 23. dxe5 Qxe5 24. Qc2 Bf5 25. Qc7 Qe6 26. Bxf5 Nxf5 27. Nf3 Rd7 28. Qe5 Qf7 29. Nd4 Nh4 30. Qg3 Qe7 31. Qg4 Rd6 32. g3 Ng6 33. Rc2 Ne5 34. Qe2 Rdf6 35. b3 Qd7 36. Qh5 Ng4 37. Qh3 R8f7 38. Re2 h5 39. f3 Qe8 40. Qxh5 Ne5 41. f4 g6 42. Qh3 Nc6 43. Qg2 Nxd4 44. exd4 Re6 45. Rfe1 Rxe2 46. Qxe2 Qxe2 47. Rxe2 Rc7 48. Kf2 Rc3 49. Re7 Rc2+ 50. Kf3 Rxh2 51. Rxb7 Rxa2 52. Kg4 Rd2 53. Kg5 Rxd4 54. Kxg6 Kf8 55. Kf6 Kg8 56. f5 Rg4 57. Rxa7 Rxg3 58. Ra8+ Kh7 59. Rb8 d4 60. b4 Rb3 61. Ke7 d3 62. f6 d2 63. Rd8 Rxb4 64. f7 Re4+ 65. Kf8 Re2 66. Rd3 Rf2 67. Rh3+ Kg6 68. Rg3+ Kh7 69. Rg1 Rf3 70. Rd1 0-1

[Event "FIDE Women World Rapid 2024"]
[Site "New York"]
[Date "2024.12.27"]
[Round "7.13"]
[White "Mou, Iris"]
[Black "Bulmaga, Irina"]
[Result "1/2-1/2"]
[ECO "C44"]
[WhiteElo "2226"]
[BlackElo "2386"]
[Annotator "ChessBase"]
[PlyCount "120"]
[EventDate "2024.12.14"]
[EventType "swiss"]
[EventCountry "USA"]
[SourceTitle "playchess.com"]
[Source "ChessBase"]
[SourceQuality "1"]
[TimeControl "900+10"]

1. e4 e5 2. Nf3 Nc6 3. g3 Nf6 4. d3 d5 5. exd5 Nxd5 6. Bg2 Bc5 7. O-O O-O 8. Nbd2 Re8 9. Re1 Bg4 10. h3 Bh5 11. a3 a5 12. Nc4 f6 13. Ne3 Nde7 14. g4 Bf7 15. Nh4 Ng6 16. Nef5 Nxh4 17. Nxh4 Bd5 18. Be3 Nd4 19. Bxd4 Bxd4 20. c3 Bb6 21. Nf5 c6 22. Be4 Bf7 23. Qf3 Bc5 24. b4 Bf8 25. Reb1 axb4 26. axb4 Qd7 27. Kg2 Bd5 28. Rd1 Bb3 29. Rdb1 Bd5 30. Rd1 Bb3 31. Rdb1 Ba2 32. Rb2 Bd5 33. Rbb1 Bxe4 34. dxe4 Rxa1 35. Rxa1 Rd8 36. Ne3 b5 37. Rd1 Qe8 38. Rxd8 Qxd8 39. Qd1 Qxd1 40. Nxd1 Kf7 41. Kf3 Ke6 42. Ne3 g6 43. Ke2 Bh6 44. Ng2 f5 45. f3 Bc1 46. Kd1 Bg5 47. Ke2 h6 48. Kd3 Be7 49. Ne3 f4 50. Ng2 c5 51. bxc5 Bxc5 52. Kc2 Bf2 53. Kb3 Kd6 54. Kb4 Kc6 55. c4 Bc5+ 56. Kb3 Bf2 57. Kb4 bxc4 58. Kxc4 g5 59. Kb4 Kd7 60. Kc4 Kc6 1/2-1/2

[Event "FIDE Women World Rapid 2024"]
[Site "New York"]
[Date "2024.12.27"]
[Round "7.13"]
[White "Lesbekova, Assel"]
[Black "Melia, Salome"]
[Result "1-0"]
[ECO "B13"]
[WhiteElo "1952"]
[BlackElo "2293"]
[Annotator "ChessBase"]
[PlyCount "123"]
[EventDate "2024.12.14"]
[EventType "swiss"]
[EventCountry "USA"]
[SourceTitle "playchess.com"]
[Source "ChessBase"]
[SourceQuality "1"]
[TimeControl "900+10"]

1. d4 Nf6 2. Bf4 c5 3. e3 d5 4. c3 cxd4 5. exd4 a6 6. Nd2 Nc6 7. Bd3 g6 8. h3 Bg7 9. Ngf3 O-O 10. O-O Nh5 11. Bh2 Bh6 12. Ne5 Nf4 13. Bc2 Nxe5 14. dxe5 d4 15. Bxf4 Bxf4 16. Nf3 dxc3 17. Qxd8 Rxd8 18. bxc3 Be6 19. Be4 Bd5 20. Bxd5 Rxd5 21. Rfd1 Rad8 22. Rd4 Rxd4 23. cxd4 e6 24. g3 Bh6 25. Rb1 b5 26. a4 Rb8 27. axb5 axb5 28. Kf1 b4 29. Rb3 Bf8 30. Ke2 Ra8 31. Rb2 Ra3 32. Nd2 h6 33. Nb3 g5 34. Kd3 Kg7 35. Kc4 h5 36. g4 h4 37. f4 gxf4 38. Rf2 Be7 39. Rxf4 Ra2 40. Rf3 Rc2+ 41. Kb5 Rg2 42. Kc4 Rg3 43. Rd3 Kg6 44. Nc5 Rg2 45. Kxb4 Kg5 46. Kc4 Kf4 47. Rd1 Kg3 48. Rd3+ Kh2 49. Rf3 Bg5 50. Rxf7 Kxh3 51. Nxe6 Bc1 52. d5 Rxg4+ 53. Kd3 Bb2 54. Nf4+ Kg3 55. Ne2+ Kg2 56. e6 Ba3 57. e7 Rg8 58. Rg7+ Rxg7 59. e8=Q Rg4 60. Qe6 Rg5 61. Qe4+ Kf1 62. Qf4+ 1-0

[Event "FIDE Women World Rapid 2024"]
[Site "New York"]
[Date "2024.12.27"]
[Round "7.14"]
[White "Muzychuk, Anna"]
[Black "Mammadzada, Gunay"]
[Result "1-0"]
[ECO "C50"]
[WhiteElo "2515"]
[BlackElo "2421"]
[Annotator "ChessBase"]
[PlyCount "67"]
[EventDate "2024.12.14"]
[EventType "swiss"]
[EventCountry "USA"]
[SourceTitle "playchess.com"]
[Source "ChessBase"]
[SourceQuality "1"]
[TimeControl "900+10"]

1. e4 e5 2. Nf3 Nc6 3. Bc4 Nf6 4. d3 Bc5 5. Nc3 h6 6. Be3 Bxe3 7. fxe3 d6 8. a3 a6 9. h3 Ne7 10. d4 exd4 11. exd4 d5 12. exd5 Nexd5 13. Nxd5 Nxd5 14. O-O Be6 15. Qd2 O-O 16. Bd3 c6 17. Rae1 Ne7 18. Qf4 Ng6 19. Bxg6 fxg6 20. Qe3 Bf5 21. Qb3+ Kh7 22. Qxb7 Rb8 23. Qxc6 Rxb2 24. Rf2 Qa5 25. Qc5 Qxc5 26. dxc5 Rxc2 27. Rxc2 Bxc2 28. Nd4 Ba4 29. Re7 Rb8 30. c6 Rb1+ 31. Kh2 Rc1 32. c7 g5 33. Nf5 Kg6 34. Nd6 1-0

[Event "FIDE Women World Rapid 2024"]
[Site "New York"]
[Date "2024.12.27"]
[Round "7.14"]
[White "Krasteva, Beloslava"]
[Black "Jarocka, Liwia"]
[Result "0-1"]
[ECO "D02"]
[WhiteElo "2281"]
[BlackElo "2261"]
[Annotator "ChessBase"]
[PlyCount "110"]
[EventDate "2024.12.14"]
[EventType "swiss"]
[EventCountry "USA"]
[SourceTitle "playchess.com"]
[Source "ChessBase"]
[SourceQuality "1"]
[TimeControl "900+10"]

1. d4 d5 2. Nf3 Nf6 3. Bf4 c5 4. e3 Nc6 5. Nbd2 Bg4 6. c3 e6 7. Bb5 Bd6 8. Qa4 O-O 9. Bxc6 bxc6 10. dxc5 Bxc5 11. Qxc6 Rc8 12. Qa6 Bb6 13. O-O Nd7 14. Ne5 Nc5 15. Qa3 Bf5 16. Rfd1 f6 17. Nef3 e5 18. Bg3 Bc2 19. Rdc1 Bg6 20. Nh4 Bf7 21. Rd1 Qe8 22. Nb3 g6 23. Nxc5 Rxc5 24. Nf3 Ra5 25. Qd6 Be6 26. b4 Ra3 27. Rdc1 Qc8 28. Nd2 Kf7 29. b5 Rxc3 30. Nb3 Rc4 31. Qa3 Qd7 32. Nd2 Rxc1+ 33. Qxc1 Qxb5 34. a4 Qc5 35. Qb2 Rc8 36. h4 Qc2 37. Rb1 Qxb2 38. Rxb2 Rc1+ 39. Kh2 Ra1 40. Rb4 Bd7 41. e4 Rxa4 42. Rxa4 Bxa4 43. exd5 Bd7 44. Nc4 Bc5 45. f3 Bb5 46. Na5 Bb4 47. Nb7 a5 48. f4 e4 49. f5 e3 50. fxg6+ hxg6 51. Nd6+ Bxd6 52. Bxd6 e2 53. Bg3 a4 54. Kg1 a3 55. Kf2 a2 0-1

[Event "FIDE Women World Rapid 2024"]
[Site "New York"]
[Date "2024.12.27"]
[Round "7.15"]
[White "Charkhalashvili, Inga"]
[Black "Muzychuk, Mariya"]
[Result "1/2-1/2"]
[ECO "D47"]
[WhiteElo "2240"]
[BlackElo "2490"]
[Annotator "ChessBase"]
[PlyCount "126"]
[EventDate "2024.12.14"]
[EventType "swiss"]
[EventCountry "USA"]
[SourceTitle "playchess.com"]
[Source "ChessBase"]
[SourceQuality "1"]
[TimeControl "900+10"]

1. d4 d5 2. c4 c6 3. Nc3 Nf6 4. Nf3 e6 5. e3 Nbd7 6. Bd3 dxc4 7. Bxc4 b5 8. Bb3 Bb7 9. O-O Be7 10. Re1 b4 11. Na4 c5 12. dxc5 O-O 13. Bd2 a5 14. Rc1 Rc8 15. a3 Nxc5 16. Nxc5 Bxc5 17. axb4 Bxf3 18. gxf3 axb4 19. Rc4 Nd5 20. Qc2 Qg5+ 21. Rg4 Qf6 22. Rc4 Qg5+ 23. Rg4 Qe5 24. Re4 Qh5 25. Qd1 Bd6 26. h4 Rfd8 27. Bxd5 exd5 28. Rd4 Rc4 29. Rxc4 dxc4 30. Bxb4 Bh2+ 31. Kxh2 Qxh4+ 32. Kg2 Qg5+ 33. Kh2 Rxd1 34. Rxd1 h5 35. Bc3 Qf5 36. Kg2 f6 37. Rd4 Qg5+ 38. Kh2 Qc5 39. Rh4 Kh7 40. Bd4 Qd5 41. Kg2 Kh6 42. Re4 Qg5+ 43. Kh2 Qf5 44. Rf4 Qc2 45. Kg2 Kg5 46. Bc3 Qb3 47. Rd4 Qb5 48. e4 Kg6 49. Rd5 Qc6 50. f4 f5 51. f3 fxe4 52. fxe4 Kh6 53. Kf3 Qc8 54. Rd6+ Kh7 55. f5 Qc7 56. Rg6 Qh2 57. Rxg7+ Kh6 58. Rg6+ Kh7 59. Rg7+ Kh6 60. f6 Qh3+ 61. Kf2 Qh2+ 62. Kf3 Qh3+ 63. Kf2 Qh2+ 1/2-1/2

[Event "FIDE Women World Rapid 2024"]
[Site "New York"]
[Date "2024.12.27"]
[Round "7.15"]
[White "Serikbay, Assel"]
[Black "Sahithi Varshini M"]
[Result "1/2-1/2"]
[ECO "E11"]
[WhiteElo "2236"]
[BlackElo "2309"]
[Annotator "ChessBase"]
[PlyCount "128"]
[EventDate "2024.12.14"]
[EventType "swiss"]
[EventCountry "USA"]
[SourceTitle "playchess.com"]
[Source "ChessBase"]
[SourceQuality "1"]
[TimeControl "900+10"]

1. d4 Nf6 2. c4 e6 3. Nf3 Bb4+ 4. Bd2 Qe7 5. Nc3 b6 6. e3 Bb7 7. Bd3 O-O 8. Qc2 c5 9. a3 Bxc3 10. Bxc3 cxd4 11. exd4 Bxf3 12. gxf3 d6 13. O-O-O Nbd7 14. f4 Rfc8 15. Kb1 d5 16. Qe2 Qd6 17. f5 dxc4 18. Bxc4 exf5 19. Bb4 Qf4 20. Ba6 Re8 21. Qb5 Rad8 22. Rhe1 Ne4 23. Re2 Nb8 24. Bb7 a5 25. Be1 g6 26. Qxb6 Rd6 27. Qb5 Rde6 28. Bxe4 fxe4 29. Bxa5 Rc8 30. d5 Qf5 31. Ka2 Rd6 32. Bc7 Rxc7 33. Qxb8+ Qc8 34. Qxc8+ Rxc8 35. Rxe4 Rc2 36. Rf4 f5 37. Kb1 Re2 38. h4 Kf7 39. f3 Rf2 40. b4 Kf6 41. Rd3 h6 42. a4 g5 43. hxg5+ Kxg5 44. Rc4 h5 45. Rc6 Rd8 46. d6 h4 47. Rc7 h3 48. f4+ Rxf4 49. Rxh3 Rxb4+ 50. Kc2 Rxd6 51. Rg7+ Kf6 52. Rgg3 Rxa4 53. Rh6+ Ke5 54. Rxd6 Kxd6 55. Kd2 Re4 56. Re3 Ke5 57. Kd3 Kf4 58. Rxe4+ fxe4+ 59. Ke2 e3 60. Ke1 Ke5 61. Ke2 Ke4 62. Ke1 Kd3 63. Kd1 e2+ 64. Ke1 Ke3 1/2-1/2

[Event "FIDE Women World Rapid 2024"]
[Site "New York"]
[Date "2024.12.27"]
[Round "7.16"]
[White "Javakhishvili, Lela"]
[Black "Sevcikova, Lucia"]
[Result "1-0"]
[ECO "A07"]
[WhiteElo "2426"]
[BlackElo "2060"]
[Annotator "ChessBase"]
[PlyCount "57"]
[EventDate "2024.12.14"]
[EventType "swiss"]
[EventCountry "USA"]
[SourceTitle "playchess.com"]
[Source "ChessBase"]
[SourceQuality "1"]
[TimeControl "900+10"]

1. Nf3 d5 2. b3 Nf6 3. Bb2 Bf5 4. g3 c6 5. Bg2 e6 6. d3 h6 7. O-O Be7 8. Nbd2 O-O 9. Re1 a5 10. e4 dxe4 11. dxe4 Bh7 12. a3 Na6 13. e5 Nd5 14. Nc4 Qc7 15. Nd6 Rad8 16. c4 Nb6 17. Qd4 c5 18. Qc3 Nc8 19. Nd2 Qb6 20. N2e4 Bxe4 21. Nxe4 Rd7 22. Nf6+ Bxf6 23. exf6 Rfd8 24. fxg7 Ne7 25. Qf6 Ng6 26. Be4 Qxb3 27. Bxg6 fxg6 28. Qxe6+ Rf7 29. Qe8+ 1-0

[Event "FIDE Women World Rapid 2024"]
[Site "New York"]
[Date "2024.12.27"]
[Round "7.16"]
[White "Huang, Qian"]
[Black "Abrahamyan, Tatev"]
[Result "1/2-1/2"]
[ECO "D35"]
[WhiteElo "2370"]
[BlackElo "2304"]
[Annotator "ChessBase"]
[PlyCount "127"]
[EventDate "2024.12.14"]
[EventType "swiss"]
[EventCountry "USA"]
[SourceTitle "playchess.com"]
[Source "ChessBase"]
[SourceQuality "1"]
[TimeControl "900+10"]

1. c4 e6 2. Nc3 d5 3. cxd5 exd5 4. d4 Nf6 5. Bg5 Be6 6. e3 Nbd7 7. Bd3 c6 8. Nge2 Be7 9. h3 Nh5 10. Bxe7 Qxe7 11. g4 Nhf6 12. Qc2 g6 13. O-O-O O-O-O 14. Kb1 Kb8 15. f3 Nb6 16. Rhe1 Ne8 17. Nf4 Bc8 18. b3 h5 19. a4 hxg4 20. hxg4 g5 21. Nh5 Nf6 22. a5 Nxh5 23. axb6 Ng7 24. bxa7+ Kxa7 25. Kb2 Rh3 26. e4 dxe4 27. Bxe4 Qf6 28. d5 cxd5 29. Rxd5 Rxd5 30. Bxd5 Ne6 31. Qg2 Nf4 32. Qg1+ Kb8 33. Be4 Bxg4 34. Qc5 Bc8 35. Ra1 Rh2+ 36. Kb1 Rh1+ 37. Kb2 Rxa1 38. Kxa1 Ne2 39. Kb2 Qxc3+ 40. Qxc3 Nxc3 41. Kxc3 Kc7 42. Kd4 Kd6 43. b4 f5 44. Bd5 b6 45. Bc4 Bb7 46. Be2 Bc6 47. b5 Bd7 48. Bd3 g4 49. fxg4 fxg4 50. Bf1 g3 51. Ke3 Kc5 52. Kf3 Bxb5 53. Bh3 Bc6+ 54. Kxg3 Kd4 55. Kf2 b5 56. Ke2 Kc3 57. Be6 b4 58. Kd1 Ba4+ 59. Kc1 Bb3 60. Bf5 Bc4 61. Bc2 Bb5 62. Bd1 Bc6 63. Bc2 b3 64. Bxb3 1/2-1/2

[Event "FIDE Women World Rapid 2024"]
[Site "New York"]
[Date "2024.12.27"]
[Round "7.17"]
[White "Divya Deshmukh"]
[Black "Wagner, Dinara"]
[Result "1/2-1/2"]
[ECO "B52"]
[WhiteElo "2490"]
[BlackElo "2437"]
[Annotator "ChessBase"]
[PlyCount "98"]
[EventDate "2024.12.14"]
[EventType "swiss"]
[EventCountry "USA"]
[SourceTitle "playchess.com"]
[Source "ChessBase"]
[SourceQuality "1"]
[TimeControl "900+10"]

1. e4 c5 2. Nf3 d6 3. Bb5+ Bd7 4. Bxd7+ Qxd7 5. O-O Nf6 6. Qe2 Nc6 7. c3 e6 8. d4 cxd4 9. cxd4 d5 10. e5 Ne4 11. Rd1 Be7 12. Ne1 h6 13. f3 Ng5 14. Nc3 Nh7 15. Be3 Nf8 16. Nd3 Ng6 17. Qf2 O-O 18. Qg3 Nh4 19. Qg4 Nf5 20. Bf2 Rac8 21. h4 Qd8 22. h5 Nb4 23. Ne1 Nc6 24. Nd3 Bg5 25. f4 Be7 26. Ne2 Qb6 27. a3 a5 28. Kh1 f6 29. Qh3 fxe5 30. dxe5 d4 31. g4 Ne3 32. Bxe3 dxe3 33. g5 Rf5 34. gxh6 Nd4 35. Qg4 Rf7 36. Rg1 Rc2 37. Rg2 Nxe2 38. Rxe2 Rxe2 39. Qxe2 gxh6 40. Rg1+ Rg7 41. Rxg7+ Kxg7 42. Ne1 Bc5 43. Ng2 Bd4 44. Kh2 Kf8 45. Qc4 Qxb2 46. Qc8+ Ke7 47. Qc7+ Ke8 48. Qc8+ Ke7 49. Qc7+ Ke8 1/2-1/2

[Event "FIDE Women World Rapid 2024"]
[Site "New York"]
[Date "2024.12.27"]
[Round "7.17"]
[White "Mkrtchyan, Mariam"]
[Black "Foisor, Sabina-Francesca"]
[Result "1-0"]
[ECO "D15"]
[WhiteElo "2325"]
[BlackElo "2222"]
[Annotator "ChessBase"]
[PlyCount "117"]
[EventDate "2024.12.14"]
[EventType "swiss"]
[EventCountry "USA"]
[SourceTitle "playchess.com"]
[Source "ChessBase"]
[SourceQuality "1"]
[TimeControl "900+10"]

1. d4 d5 2. c4 c6 3. Nf3 Nf6 4. Nc3 a6 5. a4 e6 6. e3 a5 7. Be2 Be7 8. O-O O-O 9. b3 Na6 10. Bb2 Nb4 11. Ne5 Ne4 12. Nxe4 dxe4 13. f3 f6 14. Ng4 f5 15. Nf2 Bg5 16. Qc1 exf3 17. Bxf3 Qc7 18. Qc3 Bf6 19. Rad1 Re8 20. e4 e5 21. d5 cxd5 22. cxd5 Qxc3 23. Bxc3 Bd7 24. Bxb4 axb4 25. exf5 Bxf5 26. Be4 Bd7 27. d6 Be6 28. Bxb7 Ra5 29. Rd3 Rb8 30. Bf3 Bd8 31. Ne4 Rc8 32. Rfd1 Ra7 33. h3 Rc2 34. Kh2 Rf7 35. Bg4 Bxg4 36. hxg4 Rf4 37. R1d2 Rxd2 38. Nxd2 Rxg4 39. Nc4 Re4 40. Rd5 Kf7 41. Rxe5 Rxe5 42. Nxe5+ Ke6 43. Nc4 Kd5 44. a5 Kc6 45. Kg3 Bf6 46. Kf4 g6 47. Ke4 h5 48. a6 h4 49. Ne5+ Kb6 50. Nxg6 Kxa6 51. Kd5 Kb6 52. Nf8 Kb7 53. Ke6 Bd8 54. Kd7 Ba5 55. Ng6 Kb6 56. Nxh4 Kc5 57. Nf5 Kd5 58. Ne3+ Kd4 59. Nc4 1-0

[Event "FIDE Women World Rapid 2024"]
[Site "New York"]
[Date "2024.12.27"]
[Round "7.18"]
[White "Krush, Irina"]
[Black "Danielian, Elina"]
[Result "1/2-1/2"]
[ECO "B36"]
[WhiteElo "2378"]
[BlackElo "2398"]
[Annotator "ChessBase"]
[PlyCount "46"]
[EventDate "2024.12.14"]
[EventType "swiss"]
[EventCountry "USA"]
[SourceTitle "playchess.com"]
[Source "ChessBase"]
[SourceQuality "1"]
[TimeControl "900+10"]

1. c4 c5 2. Nf3 g6 3. d4 cxd4 4. Nxd4 Nf6 5. Nc3 Nc6 6. e4 Nxd4 7. Qxd4 d6 8. Be2 Bg7 9. Be3 O-O 10. Qd2 a5 11. O-O a4 12. f3 Qa5 13. Rab1 Be6 14. Rfc1 Rfc8 15. b4 axb3 16. axb3 Qb4 17. Nd5 Nxd5 18. cxd5 Qxd2 19. Bxd2 Bd7 20. Rxc8+ Rxc8 21. Rc1 Rxc1+ 22. Bxc1 Bd4+ 23. Kf1 f5 1/2-1/2

[Event "FIDE Women World Rapid 2024"]
[Site "New York"]
[Date "2024.12.27"]
[Round "7.18"]
[White "Mamedjarova, Turkan"]
[Black "Pourkashiyan, Atousa"]
[Result "1-0"]
[ECO "E00"]
[WhiteElo "2197"]
[BlackElo "2255"]
[Annotator "ChessBase"]
[PlyCount "83"]
[EventDate "2024.12.14"]
[EventType "swiss"]
[EventCountry "USA"]
[SourceTitle "playchess.com"]
[Source "ChessBase"]
[SourceQuality "1"]
[TimeControl "900+10"]

1. d4 Nf6 2. c4 e6 3. a3 d5 4. cxd5 exd5 5. Nc3 c6 6. Bg5 Be7 7. e3 Bf5 8. Bd3 Bxd3 9. Qxd3 Nbd7 10. Nge2 O-O 11. O-O Ne4 12. Bf4 f5 13. f3 Nd6 14. Ng3 g6 15. e4 fxe4 16. fxe4 dxe4 17. Ncxe4 Nxe4 18. Qc4+ Kg7 19. Nxe4 Bf6 20. Bd6 Be7 21. Rxf8 Bxf8 22. Rf1 Bxd6 23. Rf7+ Kh8 24. Nxd6 Qg5 25. Qe6 Nf8 26. Qe4 Rd8 27. h4 Qd5 28. Qe5+ Qxe5 29. dxe5 b5 30. Rxa7 Rb8 31. Rc7 Ne6 32. Rxc6 Nd4 33. Rc7 b4 34. a4 b3 35. Ne4 Ne6 36. Re7 Nf8 37. e6 Rb6 38. Re8 Rxe6 39. Rxf8+ Kg7 40. Rf4 Rc6 41. Nc3 Rd6 42. Rb4 1-0

[Event "FIDE Women World Rapid 2024"]
[Site "New York"]
[Date "2024.12.27"]
[Round "7.19"]
[White "Vaishali, Rameshbabu"]
[Black "Garcia Martin, Marta"]
[Result "1-0"]
[ECO "B06"]
[WhiteElo "2476"]
[BlackElo "2322"]
[Annotator "ChessBase"]
[PlyCount "99"]
[EventDate "2024.12.14"]
[EventType "swiss"]
[EventCountry "USA"]
[SourceTitle "playchess.com"]
[Source "ChessBase"]
[SourceQuality "1"]
[TimeControl "900+10"]

1. e4 g6 2. d4 Bg7 3. Nc3 d6 4. Be3 a6 5. Qd2 b5 6. Bd3 Bb7 7. Nf3 Nd7 8. a4 b4 9. Ne2 c5 10. c3 bxc3 11. bxc3 Ngf6 12. Ng3 O-O 13. a5 Qc7 14. h3 e5 15. O-O Rfe8 16. dxe5 Nxe5 17. Nxe5 Rxe5 18. Bf4 Ree8 19. Rfe1 Nd7 20. Bc4 Ne5 21. Bxe5 Bxe5 22. Nf1 Bg7 23. Qd3 Qe7 24. Nd2 Qe5 25. Rab1 Re7 26. Rxb7 Rxb7 27. Bd5 Rba7 28. Bxa8 Rxa8 29. Rc1 Qe6 30. Rb1 Qe5 31. Rb3 h5 32. Qd5 Qxd5 33. exd5 Kf8 34. Nc4 Rd8 35. Kf1 Ke7 36. Ke2 Rd7 37. Kd3 g5 38. g4 hxg4 39. hxg4 f5 40. gxf5 Kf6 41. Rb6 Kxf5 42. Rxd6 Rxd6 43. Nxd6+ Ke5 44. Ne8 Bf8 45. Kc4 g4 46. Nc7 Kd6 47. Nxa6 Bh6 48. Nxc5 Kc7 49. Ne4 Bf4 50. Kd4 1-0

[Event "FIDE Women World Rapid 2024"]
[Site "New York"]
[Date "2024.12.27"]
[Round "7.19"]
[White "Kaldarova, Ayaulym"]
[Black "Kulon, Klaudia"]
[Result "0-1"]
[ECO "A26"]
[WhiteElo "2144"]
[BlackElo "2391"]
[Annotator "ChessBase"]
[PlyCount "108"]
[EventDate "2024.12.14"]
[EventType "swiss"]
[EventCountry "USA"]
[SourceTitle "playchess.com"]
[Source "ChessBase"]
[SourceQuality "1"]
[TimeControl "900+10"]

1. Nf3 Nf6 2. c4 g6 3. Nc3 Bg7 4. g3 O-O 5. Bg2 d6 6. O-O Nc6 7. d3 e5 8. Rb1 a5 9. b3 Ne8 10. a3 f5 11. Bg5 Qd7 12. Qd2 f4 13. gxf4 h6 14. fxe5 hxg5 15. Nxg5 Nxe5 16. d4 Ng4 17. Nce4 c6 18. d5 Qe7 19. Rbd1 c5 20. Ne6 Bxe6 21. dxe6 Rb8 22. h3 Ngf6 23. Qg5 Qxe6 24. Qxg6 Qf7 25. Qxf7+ Kxf7 26. Nxd6+ Nxd6 27. Rxd6 b6 28. Rfd1 Ke7 29. e4 Rfd8 30. e5 Nh5 31. Bc6 Bxe5 32. Rd7+ Rxd7 33. Rxd7+ Kf6 34. Bd5 Nf4 35. h4 Nxd5 36. Rxd5 Bd4 37. Kf1 Ke6 38. b4 axb4 39. axb4 Rf8 40. bxc5 bxc5 41. Ke1 Bxf2+ 42. Kd2 Bd4 43. Rg5 Rf4 44. h5 Rf5 45. Rg6+ Kf7 46. Kd3 Rxh5 47. Rg3 Kf6 48. Rf3+ Ke5 49. Rf8 Rh3+ 50. Kd2 Ke4 51. Re8+ Be5 52. Re7 Rh2+ 53. Kc1 Kd4 54. Kb1 Re2 0-1